 Dungeon Sprint DCSS version 0.27-a0-1291-geefcff550b (webtiles) character file.

Game seed: 11677254357201926414

5035 mhtbhm the Bludgeoner (level 10, -5/111 HPs)
             Began as a Troll Berserker on June 15, 2021.
             Was a High Priest of Trog.
             Slain by a two-headed ogre (27 damage)
             ... in the Dungeon (Sprint VII: "The Pits").
             The game lasted 00:03:08 (1219 turns).

mhtbhm the Bludgeoner (Troll Berserker)             Turns: 1219, Time: 00:03:08

Health: -5/111     AC:  5    Str: 30    XL:     10   Next: 30%
Magic:  9/9        EV: 12    Int:  3    God:    Trog [*****.]
Gold:   0          SH:  0    Dex:  9    Spells: 9/9 levels left

rFire    . . .     SeeInvis .   a - +2 morningstar (vorpal)
rCold    . . .     Faith    .   (no shield)
rNeg     . . .     Spirit   .   b - +0 animal skin
rPois    .         Reflect  .   (helmet restricted)
rElec    .         Harm     .   k - +0 cloak
rCorr    .         Rampage  .   (gloves unavailable)
Will     ++...     NoTele   +   (boots unavailable)
Stlth    ++........             (no amulet)
HPRegen  2.28/turn              (no ring)
MPRegen  0.11/turn              (no ring)

@: strong-willed, on berserk cooldown, regenerating, slowed, very slow
A: large, unfitting armour, claws 3, regeneration 1, shaggy fur 1, tough skin 1
a: Renounce Religion, Berserk, Trog's Hand, Brothers in Arms


You were in the Dungeon.
You worshipped Trog.
Trog was extremely pleased with you.
You visited 1 branch

Inventory:

Hand Weapons
 a - a +2 vorpal morningstar (weapon)
 m - the +6 giant club of Blood-Lust {vorpal, Str+2 Dex+2}
   (Trog gifted it to you in the Dungeon)

   It inflicts extra damage upon your enemies.
   It affects your strength (+2).
   It affects your dexterity (+2).
Armour
 b - a +0 animal skin (worn)
 k - a +0 cloak (worn)
Jewellery
 n - a +3 ring of intelligence
 o - a +3 ring of evasion
Potions
 c - 11 potions of curing
 d - a potion of heal wounds
 e - a potion of haste
 f - 4 potions of magic
 g - 3 potions of berserk rage
 i - 2 potions of invisibility
 l - a potion of brilliance {unknown}
 p - a potion of might
 q - 2 potions of mutation


   Skills:
 + Level 10.9 Fighting
 + Level 15.8 Maces & Flails
 + Level 9.7 Dodging
 + Level 2.0 Stealth


You had 9 spell levels left.
You didn't know any spells.
Your spell library was empty.

Dungeon Overview and Level Annotations

Branches:
Dungeon (1/1)

Altars:
Ashenzari
Cheibriados
Dithmenos
Elyvilon
Fedhas
Gozag
Hepliaklqana
Kikubaaqudgha
Makhleb
Nemelex Xobeh
Okawaru
Qazlal
Ru
Sif Muna
Trog
Uskayaw
Vehumet
Wu Jian
Xom
Yredelemnul
Zin
The Shining One
Beogh
Jiyva
Lugonu


Innate Abilities, Weirdness & Mutations

You are too large for most types of armour.
You have claws for hands.
Your natural rate of healing is unusually fast.
You are covered in fur. (AC +1)
You have tough skin. (AC +1)


Message History

Your troll barely misses the blink frog.
Something hits you!
* * * LOW HITPOINT WARNING * * *
The blink frog hits your troll!
Your troll dies!
Your troll's corpse disappears in a puff of smoke!
Your iron troll bites the gnoll sergeant!!!
The gnoll sergeant dies!
Trog accepts your kill. Something appears at your feet!
You see here a +4 vorpal dire flail.
Trog grants you a weapon! Something hits you.
* * * LOW HITPOINT WARNING * * *
The blink frog croaks.
Unknown command.
You feel much better.
Your iron troll bites the two-headed ogre!
Your iron troll claws the two-headed ogre! x2
The blink frog closely misses you. Something hits you but does no damage.
Your iron troll bites the gnoll!!!
The gnoll dies!
Trog accepts your kill.
Unknown command.
You hit the blink frog.
The blink frog is almost dead.
The blink frog blinks!
Something hits you!
* * * LOW HITPOINT WARNING * * *
The two-headed ogre hits you but does no damage.
The two-headed ogre hits you with a +0 giant spiked club!
* * * LOW HITPOINT WARNING * * *
The blink frog blinks! x2
Your iron troll rages.
Unknown command.
You feel much better.
You hear some strange, mumbled words.
A bolt of magma appears from out of thin air!
The bolt of magma hits you!!
* * * LOW HITPOINT WARNING * * *
The two-headed ogre hits you with a +0 giant club!!
You die...

______.# ______.#
____...###########++######
######'##................#
)')))'.##.F....#..#......#
######.##.....F...†......+
........'........T.......+
###'#####......#.O#......#
)#..#..##.......@O)).....#
.'..#))#####'#####{n######
.####))##.......##'g#####
.#..#))##.......##......+ +
.#..#[[##.......##n.....+ .+
)#..#'###...<...##.....##..#
.......##.......##OF.###....
.......##.......##..##O..O..
#########.......##')#.O.#..#


You could see a two-headed ogre, 2 blink frogs, an ogre, a necrophage, a gnoll
and a friendly iron troll (summoned, berserk).

Vanquished Creatures
  Josephine (D)
  A boulder beetle (D)
  A two-headed ogre (D)
  A sea snake (D)
  A manticore (D)
  An efreet (D)
  An ice devil (D)
  A redback (D)
  A floating eye (D)
  An ice beast (D)
  An orc warrior (D)
  2 centaurs (D)
  A bullfrog (D)
  3 orc priests (D)
  Crazy Yiuf (D)
  A gnoll (D)
  An adder (D)
  A white imp (D)
  2 adder skeletons (D)
  An orc (D)
  2 endoplasms (D)
  2 giant cockroaches (D)
  3 goblins (D)
  2 hobgoblins (D)
  A ball python skeleton (D)
  A rat (D)
35 creatures vanquished.

Vanquished Creatures (collateral kills)
  2 two-headed ogres (D)
  A deep elf zephyrmancer (D)
  2 blink frogs (D)
  A gnoll sergeant (D)
  A gnoll (D)
7 creatures vanquished.

Grand Total: 42 creatures vanquished

Notes
Turn   | Place    | Note
-------+----------+-------------------------------------------
     0 | D        | mhtbhm the Troll Berserker began the quest for the Orb.
     0 | D        | Reached XP level 1. HP: 22/22 MP: 0/0
    76 | D        | Found a bloodstained altar of Trog.
    76 | D        | Found a shimmering blue altar of Sif Muna.
    76 | D        | Found a viscous altar of Jiyva.
    76 | D        | Found a hazy altar of Hepliaklqana.
    76 | D        | Found an opulent altar of Gozag.
    87 | D        | Reached skill level 3 in Maces & Flails
    87 | D        | Reached ** piety under Trog
   216 | D        | Reached *** piety under Trog
   217 | D        | Reached XP level 2. HP: 30/31 MP: 1/1
   226 | D        | Noticed a centaur
   226 | D        | Noticed a floating eye
   235 | D        | Killed a centaur
   236 | D        | Reached skill level 5 in Maces & Flails
   236 | D        | Reached XP level 3. HP: 37/41 MP: 2/2
   236 | D        | Reached XP level 4. HP: 44/49 MP: 3/3
   240 | D        | Killed a floating eye
   241 | D        | Reached skill level 6 in Maces & Flails
   241 | D        | Reached skill level 5 in Dodging
   241 | D        | Reached XP level 5. HP: 59/59 MP: 4/4
   289 | D        | Found a glowing golden altar of the Shining One.
   289 | D        | Found a glowing silver altar of Zin.
   289 | D        | Found a basalt altar of Yredelemnul.
   289 | D        | Found a shimmering altar of Xom.
   289 | D        | Found an ornate altar of the Wu Jian Council.
   289 | D        | Found a sacrificial altar of Ru.
   289 | D        | Found a stormy altar of Qazlal.
   289 | D        | Found an iron altar of Okawaru.
   289 | D        | Found a sparkling altar of Nemelex Xobeh.
   289 | D        | Found a burning altar of Makhleb.
   289 | D        | Found a blossoming altar of Fedhas.
   289 | D        | Found a white marble altar of Elyvilon.
   289 | D        | Found a shadowy altar of Dithmenos.
   289 | D        | Found a snail-covered altar of Cheibriados.
   290 | D        | Found a radiant altar of Vehumet.
   290 | D        | Found a corrupted altar of Lugonu.
   291 | D        | Found a hide-covered altar of Uskayaw.
   291 | D        | Found an ancient bone altar of Kikubaaqudgha.
   291 | D        | Found a broken altar of Ashenzari.
   327 | D        | Reached **** piety under Trog
   337 | D        | Reached skill level 7 in Maces & Flails
   362 | D        | Noticed an orc warrior
   456 | D        | Noticed Crazy Yiuf
   466 | D        | Reached ***** piety under Trog
   468 | D        | Reached XP level 6. HP: 68/68 MP: 5/5
   473 | D        | Killed an orc warrior
   474 | D        | Reached skill level 8 in Maces & Flails
   474 | D        | Killed Crazy Yiuf
   475 | D        | Reached skill level 9 in Maces & Flails
   647 | D        | Noticed Josephine
   653 | D        | Killed Josephine
   654 | D        | Reached skill level 11 in Maces & Flails
   654 | D        | Reached XP level 7. HP: 76/81 MP: 6/6
   654 | D        | Reached XP level 8. HP: 84/89 MP: 7/7
   700 | D        | Identified the +6 giant club of Blood-Lust {vorpal, Str+2
                  | Dex+2} (Trog gifted it to you in the Dungeon)
   700 | D        | Received a gift from Trog
   758 | D        | Noticed a manticore
   768 | D        | Killed a manticore
   769 | D        | Reached skill level 12 in Maces & Flails
   772 | D        | Reached ****** piety under Trog
   927 | D        | Noticed an ice devil
   943 | D        | Killed an ice devil
   944 | D        | Reached XP level 9. HP: 64/100 MP: 8/8
  1173 | D        | Reached skill level 13 in Maces & Flails
  1173 | D        | Reached skill level 1 in Stealth
  1179 | D        | Noticed a boulder beetle
  1180 | D        | Noticed a two-headed ogre
  1181 | D        | Noticed an efreet
  1184 | D        | Received a gift from Trog
  1187 | D        | Noticed a two-headed ogre
  1189 | D        | Killed an efreet
  1190 | D        | Noticed a two-headed ogre
  1190 | D        | Noticed a two-headed ogre
  1190 | D        | Noticed an ogre mage
  1196 | D        | Killed a boulder beetle
  1197 | D        | Reached skill level 10 in Fighting
  1197 | D        | Reached skill level 14 in Maces & Flails
  1199 | D        | Noticed a deep elf zephyrmancer
  1200 | D        | Killed a two-headed ogre
  1201 | D        | Noticed a sea snake
  1212 | D        | Killed a sea snake
  1213 | D        | Reached skill level 15 in Maces & Flails
  1213 | D        | Reached XP level 10. HP: 50/111 MP: 9/9
  1214 | D        | Killed a two-headed ogre
  1214 | D        | HP: 5/111 [something/bolt of magma (44)]
  1215 | D        | Killed a deep elf zephyrmancer
  1215 | D        | Killed a two-headed ogre
  1216 | D        | Received a gift from Trog
  1219 | D        | Slain by a two-headed ogre

Illustrated notes

Levels and vault maps discovered:
D:        pitsprint [storerooms_1, entrance_room_1, metal_vault_4, armoury_3,
          mini_pit_1, grid_room_1, main_hall_1, silver_pit, the_coven_3,
          the_vestibule_1, steel_vault_1, golden_pit, hallway_of_sentries,
          crystal_vault_2, iron_vault_3, final_vault]

Skill      XL: |  1  2  3  4  5  6  7  8  9 10 |
---------------+-------------------------------+-----
Maces & Flails | 3 5 6 7 11 12 15 | 15.8
Fighting       | 3 4 6 8 9 10 | 10.9
Dodging        | 3 4 5 6 7 8 9 |  9.7
Stealth        | 1 2 |  2.0

Action                   |  1- 3 |  4- 6 |  7- 9 | 10-12 || total
-------------------------+-------+-------+-------+-------++-------
Melee: Mace              |    22 |    37 |    18 |       ||    77
       Morningstar       |       |       |    28 |     2 ||    30
Invok: Berserk           |     3 |     2 |     4 |       ||     9
       Brothers in Arms  |       |       |     2 |     1 ||     3
       Trog's Hand       |       |       |     1 |       ||     1
  Use: Potion            |       |       |     3 |     4 ||     7
       Scroll            |       |       |     2 |       ||     2
 Stab: Sleeping          |       |       |     1 |       ||     1
Armor: Animal skin       |    11 |     2 |     9 |     2 ||    24
Dodge: Dodged            |    10 |    11 |    17 |     3 ||    41

Table legend: (Time is in decaauts)
 A = Elapsed time spent in this place.
 B = Non-inter-level travel time spent in this place.
 C = Inter-level travel time spent in this place.
 D = Time resting spent in this place.
 E = Time spent auto-exploring this place.
 F = Levels seen in this place.
 G = Mean time per level.
                   A        B        C        D        E       F      G
               +--------+--------+--------+--------+--------+-----+--------+
         Total |   1288 |   1288 |      0 |    781 |    102 |   1 | 1288.0 |
       Dungeon |   1288 |   1288 |      0 |    781 |    102 |   1 | 1288.0 |
               +--------+--------+--------+--------+--------+-----+--------+

Top non-repeatable levels by time:
       D: 1288 daAuts
